PUBAAA
ASHEVILLE TOURISTS @ WALLA WALLA ONIONS
07/05/1972
 
TOP OF THE 1ST
Asheville Tourists batting - Pitching for Walla Walla Onions : RHP Bill Williams
Pitching: RHP Bill Williams
Batting: LHB Bo Jones 0-0: SINGLE (Line Drive, 34, EV 94.4 MPH)
Batting: LHB Ben Oglivie 0-0: Swinging Strike
Pickoff Throw by Catcher to First - Error! E2
Bo Jones to second
0-1: Ball
1-1: Ball
2-1: Called Strike
2-2: Fly out, F8 (Flyball, 89D, EV 87.5 MPH)
Runner from 2nd tags up, SAFE at 3rd, no throw by CF
Batting: LHB Eduardo Mendoza 0-0: Foul Ball, location: 2F
0-1: Ball
1-1: Swinging Strike
1-2: Strikes out swinging
Batting: RHB Ian Vaughn 0-0: Foul Ball, location: 2F
0-1: Fly out, F7 (Flyball, 78M, EV 88.1 MPH)
Top of the 1st over - 0 runs, 1 hit, 1 error, 1 left on base; Asheville 0 - Walla Walla 0
BOTTOM OF THE 1ST
Walla Walla Onions batting - Pitching for Asheville Tourists : RHP Chuck Dobson
Pitching: RHP Chuck Dobson
Batting: RHB Ash James 0-0: Ball
1-0: Foul Ball, location: 2F
1-1: Ball
2-1: Foul Ball, location: 3F
2-2: Foul Ball, location: 5DF
2-2: Foul Ball, location: 2F
2-2: Foul Ball, location: 5DF
2-2: Ground out 3-1 (Groundball, 34, EV 82.5 MPH)
Batting: LHB Donald Frazier 0-0: Called Strike
0-1: Fly out, F4 (Popup, 4, EV 63.8 MPH)
Batting: RHB Lyle Norton 0-0: Swinging Strike
0-1: Called Strike
0-2: Ball
1-2: Ball
2-2: Ball
3-2: Foul Ball, location: 9LDF
3-2: Base on Balls
Batting: LHB Pablo Quintana 0-0: Ball
1-0: Ball
2-0: Swinging Strike
2-1: Foul Ball, location: 7LDF
2-2: Strikes out swinging
Bottom of the 1st over - 0 runs, 0 hits, 0 errors, 1 left on base; Asheville 0 - Walla Walla 0
TOP OF THE 2ND
Asheville Tourists batting - Pitching for Walla Walla Onions : RHP Bill Williams
Batting: LHB Cecil Dean 0-0: Foul Ball, location: 2F
0-1: Ball
1-1: Ball
2-1: Ball
3-1: Called Strike
3-2: Foul Ball, location: 2F
3-2: Fly out, F7 (Flyball, 7, EV 74.4 MPH)
Batting: RHB Jerry King 0-0: Ball
1-0: Called Strike
1-1: SINGLE (Groundball, 6M, EV 92.5 MPH) (infield hit)
Batting: LHB Preston Law 0-0: Called Strike
0-1: Foul Ball, location: 5F
0-2: Ball
1-2: TRIPLE (Flyball, 9D, EV 98.1 MPH)
Jerry King scores
Batting: RHB Christian Bannatyne 0-0: 2-RUN HOME RUN (Flyball, 9D, EV 108.1 MPH), Distance : 401 ft
Batting: RHB Frank Steele 0-0: Called Strike
0-1: Ball
1-1: Foul Ball, location: 2F
1-2: Foul Ball, location: 7LMF
1-2: Ball
2-2: Strikes out swinging
Batting: LHB Bo Jones 0-0: Ball
1-0: Swinging Strike
1-1: Called Strike
1-2: Ball
2-2: Ball
3-2: Strikes out swinging
Top of the 2nd over - 3 runs, 3 hits, 0 errors, 0 left on base; Asheville 3 - Walla Walla 0
BOTTOM OF THE 2ND
Walla Walla Onions batting - Pitching for Asheville Tourists : RHP Chuck Dobson
Batting: RHB Doug Rader 0-0: Ball
1-0: SINGLE (Groundball, 34D, EV 99.4 MPH)
Batting: LHB Jack Wells 0-0: Ball
1-0: Ball
2-0: Fly out, F7 (Flyball, 7D, EV 104.4 MPH)
Batting: RHB Luis Contreras 0-0: Ball
1-0: Swinging Strike
1-1: DOUBLE (Line Drive, 9LM, EV 93.8 MPH)
Doug Rader to third
Batting: SHB Bob Densham 0-0: Ball
1-0: Foul Ball, location: 2F
1-1: SINGLE (Groundball, 34D, EV 96.9 MPH)
Doug Rader scores
Luis Contreras to third
Runner from 3rd tries for Home, SAFE, throw by RF to home
Batting: RHB Noel Gaines 0-0: Fly out, F7 (Flyball, 7LS, EV 72.5 MPH)
Batting: RHB Ash James 0-0: Ball
1-0: Fly out, F8 (Line Drive, 8RM, EV 90.0 MPH)
Bottom of the 2nd over - 2 runs, 3 hits, 0 errors, 1 left on base; Asheville 3 - Walla Walla 2
TOP OF THE 3RD
Asheville Tourists batting - Pitching for Walla Walla Onions : RHP Bill Williams
Batting: LHB Ben Oglivie 0-0: Foul Ball, location: 25F
0-1: Foul Ball, location: 2F
0-2: Foul Ball, location: 2LF
0-2: Ground out 1-3 (Groundball, 15S, EV 71.3 MPH)
Batting: LHB Eduardo Mendoza 0-0: Ball
1-0: Foul Ball, location: 3DF
1-1: Ball
2-1: Foul Ball, location: 2F
2-2: Ball
3-2: Strikes out looking
Batting: RHB Ian Vaughn 0-0: Swinging Strike
0-1: Ball
1-1: Called Strike
1-2: Foul Ball, location: 2F
1-2: Strikes out swinging
Top of the 3rd over - 0 runs, 0 hits, 0 errors, 0 left on base; Asheville 3 - Walla Walla 2
BOTTOM OF THE 3RD
Walla Walla Onions batting - Pitching for Asheville Tourists : RHP Chuck Dobson
Batting: LHB Donald Frazier 0-0: Ball
1-0: Ground out 1-3 (Groundball, 13S, EV 62.5 MPH)
Batting: RHB Lyle Norton 0-0: Called Strike
0-1: SINGLE (Line Drive, 34, EV 93.8 MPH)
Batting: LHB Pablo Quintana 0-0: Ball
Pickoff Play to 1st, Runner tries for 2nd, OUT after rundown.
1-0: Called Strike
1-1: Swinging Strike
1-2: Foul Ball, location: 2F
1-2: Strikes out swinging
Bottom of the 3rd over - 0 runs, 1 hit, 0 errors, 0 left on base; Asheville 3 - Walla Walla 2
TOP OF THE 4TH
Asheville Tourists batting - Pitching for Walla Walla Onions : RHP Bill Williams
Batting: LHB Cecil Dean 0-0: Swinging Strike
0-1: Swinging Strike
0-2: Foul Ball, location: 23F
0-2: Ball
1-2: Ball
2-2: Foul Ball, location: 2F
2-2: Ground out 1-3 (Groundball, 15S, EV 63.1 MPH)
Batting: RHB Jerry King 0-0: Ball
1-0: Called Strike
1-1: Called Strike
1-2: Foul Ball, location: 9LDF
1-2: DOUBLE (Line Drive, 7LD, EV 98.8 MPH)
Batting: LHB Preston Law 0-0: Swinging Strike
0-1: Ball
1-1: Swinging Strike
1-2: Ground out 4-3 (Groundball, 4, EV 81.9 MPH)
Jerry King to third
Batting: RHB Christian Bannatyne 0-0: Ball
1-0: Ground out U3 (Groundball, 34S, EV 69.4 MPH)
Top of the 4th over - 0 runs, 1 hit, 0 errors, 1 left on base; Asheville 3 - Walla Walla 2
BOTTOM OF THE 4TH
Walla Walla Onions batting - Pitching for Asheville Tourists : RHP Chuck Dobson
Batting: RHB Doug Rader 0-0: Ball
1-0: SOLO HOME RUN (Flyball, 9D, EV 96.3 MPH), Distance : 389 ft
Batting: LHB Jack Wells 0-0: Ball
1-0: Swinging Strike
1-1: Ball
2-1: Swinging Strike
2-2: Foul Ball, location: 3F
2-2: Foul Ball, location: 2F
2-2: Fly out, F7 (Line Drive, 7D, EV 89.4 MPH)
Batting: RHB Luis Contreras 0-0: Called Strike
0-1: Ball
1-1: SINGLE (Line Drive, 56D, EV 101.9 MPH)
Batting: SHB Bob Densham 0-0: DOUBLE (Flyball, 78D, EV 102.5 MPH)
Luis Contreras to third
Runner from 3rd tries for Home, SAFE, no throw by CF
Batting: RHB Noel Gaines 0-0: Ball
1-0: Swinging Strike
1-1: Ground out 4-3 (Groundball, 34, EV 103.1 MPH)
Bob Densham to third
Batting: RHB Ash James 0-0: Foul Ball, location: 5DF
0-1: SINGLE (Line Drive, 89S, EV 100.0 MPH)
Bob Densham scores
Batting: LHB Donald Frazier 0-0: Ball
1-0: Ground out 4-3 (Groundball, 4, EV 83.1 MPH)
Bottom of the 4th over - 3 runs, 4 hits, 0 errors, 1 left on base; Asheville 3 - Walla Walla 5
TOP OF THE 5TH
Asheville Tourists batting - Pitching for Walla Walla Onions : RHP Bill Williams
Batting: RHB Frank Steele 0-0: Foul Ball, location: 9LSF
0-1: Ball
1-1: Ball
2-1: Fly out, F9 (Flyball, 9, EV 98.8 MPH)
Batting: LHB Bo Jones 0-0: Foul Ball, location: 7LMF
0-1: Ball
1-1: Foul Ball, location: 2F
1-2: Ground out 1-3 (Groundball, 15, EV 71.9 MPH)
Batting: LHB Ben Oglivie 0-0: Called Strike
0-1: Called Strike
0-2: SINGLE (Line Drive, 7S, EV 87.5 MPH)
Batting: LHB Eduardo Mendoza 0-0: Ball
1-0: Called Strike
1-1: Swinging Strike
1-2: Strikes out looking
Top of the 5th over - 0 runs, 1 hit, 0 errors, 1 left on base; Asheville 3 - Walla Walla 5
BOTTOM OF THE 5TH
Walla Walla Onions batting - Pitching for Asheville Tourists : RHP Chuck Dobson
Batting: RHB Lyle Norton 0-0: Called Strike
0-1: Ball
1-1: Ball
2-1: Foul Ball, location: 25F
2-2: Ball
3-2: Base on Balls
Batting: LHB Pablo Quintana 0-0: SINGLE (Groundball, 34, EV 100.6 MPH) (infield hit)
Lyle Norton to second
Batting: RHB Doug Rader 0-0: Fly out, F7 (Flyball, 78S, EV 97.5 MPH)
Batting: LHB Jack Wells 0-0: Swinging Strike
0-1: Ball
1-1: Grounds into double play, 6-4-3 (Groundball, 6, EV 78.8 MPH)
Bottom of the 5th over - 0 runs, 1 hit, 0 errors, 1 left on base; Asheville 3 - Walla Walla 5
TOP OF THE 6TH
Asheville Tourists batting - Pitching for Walla Walla Onions : RHP Bill Williams
Batting: RHB Ian Vaughn 0-0: Ground out 3-1 (Groundball, 34S, EV 78.1 MPH)
Batting: LHB Cecil Dean 0-0: Called Strike
0-1: Called Strike
0-2: Ball
1-2: Ball
2-2: Ball
3-2: Fly out, F8 (Flyball, 8RD, EV 88.8 MPH)
Batting: RHB Jerry King 0-0: Ball
1-0: Foul Ball, location: 2F
1-1: Foul Ball, location: 2F
1-2: Ball
2-2: Ball
3-2: SINGLE (Groundball, 56, EV 108.8 MPH)
Batting: LHB Preston Law 0-0: SINGLE (Groundball, 6, EV 82.5 MPH)
Jerry King to second
Runner from 2nd tries for 3rd, SAFE, no throw by CF
Batting: RHB Christian Bannatyne 0-0: Called Strike
0-1: SINGLE (Line Drive, 6D, EV 105.0 MPH)
Jerry King scores
Preston Law to second
Runner from 2nd tries for 3rd, OUT! 7-5
Top of the 6th over - 1 run, 3 hits, 0 errors, 1 left on base; Asheville 4 - Walla Walla 5
BOTTOM OF THE 6TH
Walla Walla Onions batting - Pitching for Asheville Tourists : RHP Chuck Dobson
Batting: RHB Luis Contreras 0-0: Foul Ball, location: 25F
0-1: Ground out 5-3 (Groundball, 56, EV 84.4 MPH)
Batting: SHB Bob Densham 0-0: Foul Ball, location: 2F
0-1: Fly out, F8 (Flyball, 8LM, EV 100.0 MPH)
Batting: RHB Noel Gaines 0-0: Fly out, F8 (Flyball, 8RM, EV 92.5 MPH)
Bottom of the 6th over - 0 runs, 0 hits, 0 errors, 0 left on base; Asheville 4 - Walla Walla 5
TOP OF THE 7TH
Asheville Tourists batting - Pitching for Walla Walla Onions : RHP Bill Williams
Batting: RHB Frank Steele 0-0: Ball
1-0: Ball
2-0: Foul Ball, location: 2F
2-1: Foul Ball, location: 2F
2-2: Strikes out swinging, 2-3 out at first.
Batting: LHB Bo Jones 0-0: Called Strike
0-1: Ball
1-1: Called Strike
1-2: Ball
2-2: Ball
3-2: DOUBLE (Line Drive, 8RXD, EV 103.8 MPH)
Pitching: RHP Arthur Sharp
Batting: LHB Ben Oglivie 0-0: Ball
1-0: Called Strike
1-1: Ball
2-1: Ball
3-1: Foul Ball, location: 3F
3-2: Strikes out looking
Batting: LHB Eduardo Mendoza 0-0: Ball
1-0: Ball
2-0: Ball
3-0: Base on Balls
Pinch Hitting: LHB Bob Bryan 0-0: Ball
1-0: Fly out, F7 (Flyball, 78XD, EV 105.6 MPH)
Top of the 7th over - 0 runs, 1 hit, 0 errors, 2 left on base; Asheville 4 - Walla Walla 5
BOTTOM OF THE 7TH
Walla Walla Onions batting - Pitching for Asheville Tourists : RHP Chuck Dobson
Now at 1B: Kyle Roe
Batting: RHB Ash James 0-0: Called Strike
0-1: Called Strike
0-2: Single, Error in OF, E7, batter to second base (Line Drive, 7LS, EV 106.9 MPH)
Pitching: LHP Artie Christensen
Batting: LHB Donald Frazier 0-0: Called Strike
0-1: Ball
1-1: Foul Ball, location: 23FF
1-2: Fly out, F8 (Flyball, 8LM, EV 101.3 MPH)
Batting: RHB Lyle Norton 0-0: Intentional Walk
Batting: LHB Pablo Quintana 0-0: Foul Ball, location: 5F
0-1: Foul Ball, location: 5F
0-2: Ball
1-2: Ball
2-2: Foul Ball, location: 2F
2-2: Strikes out swinging
Batting: RHB Doug Rader 0-0: Foul Ball, location: 9LSF
0-1: Ball
1-1: Ball
2-1: Called Strike
2-2: Ball
3-2: Ground out 5-3 (Groundball, 56, EV 103.1 MPH)
Bottom of the 7th over - 0 runs, 1 hit, 1 error, 2 left on base; Asheville 4 - Walla Walla 5
TOP OF THE 8TH
Asheville Tourists batting - Pitching for Walla Walla Onions : RHP Arthur Sharp
Batting: LHB Cecil Dean 0-0: Ball
1-0: Ball
2-0: Called Strike
2-1: Fly out, F9 (Flyball, 9, EV 89.4 MPH)
Pinch Hitting: LHB Henry Taylor 0-0: Called Strike
0-1: Ball
1-1: SINGLE (Line Drive, 89S, EV 109.4 MPH)
Batting: LHB Preston Law 0-0: Ball
1-0: Ball
2-0: Grounds into double play, 6-4-3 (Groundball, 6, EV 97.5 MPH)
Top of the 8th over - 0 runs, 1 hit, 0 errors, 0 left on base; Asheville 4 - Walla Walla 5
BOTTOM OF THE 8TH
Walla Walla Onions batting - Pitching for Asheville Tourists : LHP Artie Christensen
Now at SS: Ray Gratwick
Batting: RHB Mike Smith 0-0: Called Strike
0-1: Ball
1-1: Foul Ball, location: 5SF
1-2: Foul Ball, location: 2F
1-2: Foul Ball, location: 2F
1-2: Foul Ball, location: 3F
1-2: Ball
2-2: Fly out, F8 (Line Drive, 8RD, EV 96.3 MPH)
Batting: RHB Luis Contreras 0-0: Ball
1-0: Ball
2-0: Ball
3-0: Base on Balls
Batting: SHB Bob Densham 0-0: Called Strike
0-1: Called Strike
Luis Contreras is caught stealing 2nd base 2-4
0-2: Foul Ball, location: 23F
0-2: Ball
1-2: Strikes out looking
Bottom of the 8th over - 0 runs, 0 hits, 0 errors, 0 left on base; Asheville 4 - Walla Walla 5
TOP OF THE 9TH
Asheville Tourists batting - Pitching for Walla Walla Onions : RHP Arthur Sharp
Now at 2B: Donald Frazier
Now at SS: Eduardo EnrĂ­quez
Batting: RHB Christian Bannatyne 0-0: Ball
1-0: Ball
2-0: Foul Ball, location: 7LSF
2-1: Foul Ball, location: 9LSF
2-2: Fly out, F8 (Flyball, 8LD, EV 105.0 MPH)
Pinch Hitting: SHB Dan Herring 0-0: Ball
1-0: Called Strike
1-1: Ball
2-1: Foul Ball, location: 9LMF
2-2: Ball
3-2: Base on Balls
Batting: LHB Bo Jones 0-0: Called Strike
0-1: 2-RUN HOME RUN (Flyball, 89XD, EV 110.0 MPH), Distance : 414 ft
Batting: LHB Ben Oglivie 0-0: Ball
1-0: Called Strike
1-1: SOLO HOME RUN (Flyball, 7D, EV 95.0 MPH), Distance : 368 ft
Batting: LHB Eduardo Mendoza 0-0: Ball
1-0: Ground out 6-3 (Groundball, 56, EV 84.4 MPH)
Batting: LHB Kyle Roe 0-0: Ball
1-0: Ground out 6-3 (Groundball, 6, EV 103.1 MPH)
Top of the 9th over - 3 runs, 2 hits, 0 errors, 0 left on base; Asheville 7 - Walla Walla 5
BOTTOM OF THE 9TH
Walla Walla Onions batting - Pitching for Asheville Tourists : LHP Artie Christensen
Now at 2B: Woodrow Martin
Now in LF: Artie Hall
Batting: RHB Noel Gaines 0-0: Ball
1-0: Called Strike
1-1: Swinging Strike
1-2: SOLO HOME RUN (Flyball, 89XD, EV 110.0 MPH), Distance : 421 ft
Batting: RHB Ash James 0-0: Called Strike
0-1: Ball
1-1: Ball
2-1: Swinging Strike
2-2: Strikes out looking
Pinch Hitting: RHB Aurelio Rodriguez 0-0: Ground out 6-3 (Groundball, 6MS, EV 83.8 MPH)
Batting: RHB Lyle Norton 0-0: Foul Ball, location: 2F
0-1: Ball
1-1: Foul Ball, location: 2F
1-2: Foul Ball, location: 9LMF
1-2: Foul Ball, location: 7LDF
1-2: Strikes out swinging
Bottom of the 9th over - 1 run, 1 hit, 0 errors, 0 left on base; Asheville 7 - Walla Walla 6
Friday, April 5th , 2024 - OOTP Baseball 24.8 Build 75